 Dungeon Crawl Stone Soup version 0.18-a0-1120-g03bd624 (webtiles) character file.

1211 4thArraOfDagon the Cleaver (level 8, -4/74 HPs)
             Began as a Deep Dwarf Fighter on Jan 17, 2016.
             Slain by a black mamba (8 damage)
             ... on level 1 of the Lair of Beasts.
             The game lasted 00:09:09 (1252 turns).

4thArraOfDagon the Cleaver (Deep Dwarf Fighter)     Turns: 1252, Time: 00:09:09

Health: -4/74      AC: 10    Str: 25    XL:     8   Next: 22%
Magic:  8/8        EV:  6    Int:  9    God:
Gold:   91         SH: 10    Dex: 12    Spells: 0 memorised, 7 levels left

rFire  . . .     SeeInvis .     t - +10 whip of Nucazax {slash, rN+}
rCold  . . .     Gourm    +     o - +0 chain mail
rNeg   + . .     Faith    .     c - +0 shield
rPois  .         Spirit   .     (no helmet)
rElec  .         Dismiss  .     (no cloak)
rCorr  .         Reflect  .     (no gloves)
SustAt .         Harm     .     (no boots)
MR     +....                    r - amulet of the gourmand
Stlth  ..........               (no ring)
                                i - +3 ring of strength

@: lethally poisoned (-4 -> -16), non-regenerating, somewhat resistant to
hostile enchantments, extremely unstealthy
A: damage resistance, recharge devices, sense surroundings 1, slow regeneration
3
a: Device Recharging


You were on level 1 of the Lair of Beasts.
You were not hungry.

You visited 2 branches of the dungeon, and saw 10 of its levels.

You collected 91 gold pieces.

Inventory:

Hand Weapons
 a - a +1 war axe
 g - a +1 dagger of venom
 t - the +10 whip of Nucazax (weapon) {slash, rN+}
   (You found it on level 8 of the Dungeon)

   It inflicts extra damage upon your enemies.
   It protects you from negative energy.
Armour
 c - a +0 shield (worn)
 o - a +0 chain mail (worn)
Jewellery
 i - a +3 ring of strength (left hand)
 r - an amulet of the gourmand (around neck)
Wands
 e - a wand of heal wounds (4/9)
 q - a wand of lightning (5/15)
Scrolls
 h - a scroll of blinking
 n - 2 scrolls of fog
Potions
 b - a potion of poison
 d - a potion of might
 m - a potion of ambrosia
 p - a potion of flight {unknown}
Comestibles
 f - 3 bread rations
 j - a beef jerky
 k - a meat ration
 l - a royal jelly


   Skills:
 + Level 5.2 Fighting
 * Level 8.1 Axes
 + Level 6.1 Armour
 - Level 3.2 Shields


You had 7 spell levels left.
You didn't know any spells.

Dungeon Overview and Level Annotations

Branches:
Dungeon (9/15)               Lair (1/8) D:9             Orc (0/2) D:9
 Temple: D:4-7

Altars:
Ru

Annotations:
D:5 Borgoz's ghost, novice SpAs
D:8 Maurice


Innate Abilities, Weirdness & Mutations

You are resistant to damage.
You can recharge devices by infusing magical energy.
You passively map a small area around you.
You do not regenerate naturally.


Message History

The black mamba barely misses you. The black mamba closely misses you.
You hit the black mamba.
The black mamba is severely wounded.
You feel very sick. You block the black mamba's attack.
You miss the black mamba.
The black mamba is severely wounded.
You feel very sick. You block the black mamba's attack.
The black mamba bites you but does no damage.
You miss the black mamba.
The black mamba is severely wounded.
You feel very sick. The black mamba completely misses you.
You block the black mamba's attack.
You whack the black mamba!
The black mamba is almost dead.
You feel sick. The black mamba bites you!
* * * LOW HITPOINT WARNING * * *
The black mamba bites you!
You die...

*#.###....... , .........
............. ,
............ ...........
, , (..........
...........
*..#.....#P+######.......
, *
#......#...............
##.............#...#... ,
#.....>#...........#...
#....@#.......#...#...
*#.....S.......#...†)..
#......P.......#......≈ ,
,**
##.....#...........#...
*#......##..####...#...
......................P
.............(..........
........................
, ,
................$.....P


You could see a black mamba.

Vanquished Creatures
  Sigmund (D:6)
  A water moccasin (D:8)
  An ice beast (D:6)
  A sky beast (D:7)
  A crocodile (D:9)
  A centaur (D:8)
  3 giant frogs
  A jelly (D:8)
  A quasit (D:7)
  An orc priest (D:7)
  An orc wizard (D:7)
  5 worker ants
  A worker ant zombie (D:7)
  3 gnolls (D:3)
  6 river rats (Lair:1)
  3 adders
  An ooze (D:7)
  An adder zombie (D:7)
  9 orcs
  2 giant cockroaches
  3 goblins
  2 hobgoblins
  5 kobolds
  2 quokkas
  A ball python (D:1)
  2 giant newts
  A quokka skeleton (D:6)
  6 rats
  A fungus (D:9)
67 creatures vanquished.

Vanquished Creatures (others)
  4 fungi (D:9)
  A plant (D:9)
5 creatures vanquished.

Grand Total: 72 creatures vanquished

Notes
Turn   | Place    | Note
--------------------------------------------------------------
     0 | D:1      | 4thArraOfDagon the Deep Dwarf Fighter began the quest for the Orb.
     0 | D:1      | Reached XP level 1. HP: 20/20 MP: 1/1
   202 | D:2      | Reached XP level 2. HP: 27/27 MP: 2/2
   322 | D:3      | Found a sacrificial altar of Ru.
   349 | D:3      | Reached XP level 3. HP: 30/34 MP: 3/3
   492 | D:4      | Reached skill level 4 in Armour
   492 | D:4      | Reached XP level 4. HP: 18/42 MP: 4/4
   509 | D:5      | Entered Level 5 of the Dungeon
   509 | D:5      | Noticed Borgoz's ghost (novice SpAs)
   581 | D:4      | Noticed a phantom
   614 | D:5      | Reached XP level 5. HP: 32/49 MP: 5/5
   671 | D:6      | Noticed Sigmund
   701 | D:6      | Killed Sigmund
   701 | D:6      | Reached skill level 5 in Axes
   701 | D:6      | Reached XP level 6. HP: 36/57 MP: 6/6
   751 | D:6      | Noticed an ice beast
   756 | D:6      | Killed an ice beast
   797 | D:7      | Reached skill level 6 in Axes
   797 | D:7      | Reached skill level 5 in Armour
   808 | D:7      | Reached XP level 7. HP: 36/66 MP: 7/7
  1006 | D:9      | Found a staircase to the Lair.
  1020 | D:9      | Reached skill level 7 in Axes
  1069 | D:8      | Reached skill level 5 in Fighting
  1074 | D:8      | Got a fine whip
  1078 | D:8      | Identified the +10 whip of Nucazax {slash, rN+} (You found it on level 8 of the Dungeon)
  1098 | D:8      | Noticed Maurice
  1121 | D:8      | Reached XP level 8. HP: 39/74 MP: 8/8
  1134 | D:9      | Found a staircase to the Orcish Mines.
  1185 | Lair:1   | Entered Level 1 of the Lair of Beasts
  1218 | Lair:1   | Reached skill level 8 in Axes
  1235 | Lair:1   | Noticed a black mamba
  1252 | Lair:1   | Slain by a black mamba

Vault maps used:
D:1:      nicolae_arrival_washed_ashore, serial_bayou_pond_c
D:3:      lemuel_doored_altar, overflow_temple_1_default, minitemple,
          first_bread, ecumenical_altar_2
D:4:      kennysheep_six_static_rooms, minmay_temple_entry_statues_pillars,
          portal_sewer_entry_c
D:6:      kennysheep_little_box, nicolae_ashenzari_panopticon, uniq_eustachio,
          uniq_sigmund
D:7:      enter_ossuary_3, serial_shops, shop
D:8:      uniq_maurice, uniq_erica
D:9:      yredelemnul_forgotten_temple_becter,
          gammafunk_pakellas_spire_experiment, due_lair_maze_entry_diamond,
          david_orc_2
Lair:1:   guppyfry_lair_drakes, serial_bayou_shore_a

Action                   |  1- 3 |  4- 6 |  7- 9 || total
-------------------------+-------+-------+-------++-------
Melee: Dagger            |    77 |    54 |       ||   131
       War axe           |     4 |    28 |    64 ||    96
       Whip              |       |       |    45 ||    45
Evoke: Wand              |       |     2 |     4 ||     6
  Use: Scroll            |     2 |     5 |     4 ||    11
  Eat: Beef jerky        |     1 |       |       ||     1
       Fruit             |       |       |     4 ||     4
